 Dungeon Crawl Stone Soup version 0.29.1-15-g9cfb28693d (webtiles) character file.

Game seed: 9029566467482580822

42032 Erymatos the Severer (level 13, 0/186 HPs)
             Began as a Minotaur Berserker on Apr 30, 2023.
             Was a High Priest of Trog.
             Slain by a seven-headed hydra (4 damage)
             ... on level 5 of the Lair of Beasts on May 2, 2023.
             The game lasted 00:34:54 (12121 turns).

Erymatos the Severer (Minotaur Berserker)          Turns: 12121, Time: 00:34:55

Health: 0/186      AC: 26    Str: 29    XL:     13   Next: 83%
Magic:  12/12      EV:  2    Int:  4    God:    Trog [*****.]
Gold:   414        SH: 13    Dex: 22    Spells: 12/12 levels left

rFire   . . .      SeeInvis +   B - +2 war axe (vorpal)
rCold   + . .      Faith    .   z - +0 kite shield
rNeg    . . .      Spirit   .   (body armour currently unavailable)
rPois   +          Reflect  .   (helmet currently unavailable)
rElec   .          Harm     .   (cloak currently unavailable)
rCorr   .          Rampage  .   (gloves currently unavailable)
Will    ++++.      NoTele   +   (boots currently unavailable)
Stlth   ++........              l - amulet of regeneration
HPRegen 2.21/turn               K - +6 ring of dexterity
MPRegen 0.13/turn               R - ring "Biok" {rC+ Will++ Str+4 Dex+4 SInv}

@: tree-form, marked, strong-willed, on berserk cooldown, regenerating, slowed,
very slow
A: stationary, stasis, torment immunity, boosted hp, (horns 2), (retaliatory
headbutt)
a: Renounce Religion, Berserk, Trog's Hand, Brothers in Arms


You were on level 5 of the Lair of Beasts.
You worshipped Trog.
Trog was extremely pleased with you.
You were a tree.
You visited 2 branches of the dungeon, and saw 15 of its levels.
You also visited: Ossuary.

You collected 886 gold pieces.
You spent 472 gold pieces at shops.

Inventory:

Hand Weapons
 g - the +10 dagger "Jellyslayer" {vorpal, rPois}
   (You found it on level 7 of the Dungeon)

   It inflicts extra damage upon your enemies.
   rPois:     It protects you from poison.
 B - a +2 vorpal war axe (weapon)
Missiles
 u - a throwing net (quivered)
Armour
 p - a +2 cloak (melded)
 y - a +0 pair of gloves (melded)
 z - a +0 kite shield (worn)
 M - a +4 chain mail of willpower (melded)
 O - a +0 pair of boots (melded)
Jewellery
 l - an amulet of regeneration (around neck)
 o - a ring of fire
 J - an amulet of faith
 K - a +6 ring of dexterity (left branch)
 N - an amulet of guardian spirit
 R - the ring "Biok" (right branch) {rC+ Will++ Str+4 Dex+4 SInv}
   (You found it on level 4 of the Lair of Beasts)

   [ring of see invisible]

   Str:       It affects your strength (+4).
   Dex:       It affects your dexterity (+4).
   rC:        It protects you from cold.
   SInv:      It lets you see invisible.
   Will:      It greatly increases your willpower.
 T - the ring of Skepticism {Fire Dex+8}
   (You found it on level 4 of the Lair of Beasts)

   [ring of fire]

   It enhances your fire magic.
   Dex:       It affects your dexterity (+8).
   rF:        It protects you from fire.
   rC:        It makes you vulnerable to cold.
 U - a +6 ring of intelligence
Wands
 H - a wand of mindburst (20)
 P - a wand of paralysis (4)
 Q - a wand of roots (4)
Scrolls
 a - 2 scrolls of fear {unknown}
 b - 5 scrolls of identify
 c - 3 scrolls of butterflies
 e - 2 scrolls of poison
 i - 3 scrolls of brand weapon
 k - 2 scrolls of enchant armour {unknown}
 q - 2 scrolls of enchant weapon {unknown}
 r - 4 scrolls of magic mapping
 w - 3 scrolls of teleportation
 x - 6 scrolls of immolation
 A - 2 scrolls of noise {unknown}
 F - a scroll of acquirement {unknown}
 L - 2 scrolls of summoning {unknown}
 S - a scroll of vulnerability {unknown}
 V - a scroll of blinking {unknown}
Potions
 d - 2 potions of mutation {unknown}
 f - 8 potions of ambrosia
 h - 3 potions of attraction {unknown}
 j - 5 potions of flight {unknown}
 m - 2 potions of might
 n - 5 potions of curing
 s - 5 potions of haste {unknown}
 t - 4 potions of cancellation {unknown}
 v - a potion of berserk rage {unknown}
 C - 3 potions of lignification
 D - 3 potions of heal wounds {unknown}
 E - 2 potions of resistance {unknown}
 G - 4 potions of degeneration {unknown}
 I - 3 potions of magic {unknown}


   Skills:
 + Level 14.1 Fighting
 - Level 2.1 Short Blades
 + Level 17.7 Axes
 + Level 12.2 Armour
 + Level 7.9 Dodging
 + Level 11.5 Shields


You had 12 spell levels left.
You didn't know any spells.
Your spell library was empty.

Dungeon Overview and Level Annotations

Branches:
Dungeon (10/15)            Temple (0/1) D:7            Lair (5/5) D:10
 Shoals (0/4) Lair:2       Spider (0/4) Lair:2        Slime (0/5) Lair:4
Ossuary (visited)
    Orc: D:9-12

Altars:
Gozag
Hepliaklqana
Trog
Uskayaw
Jiyva

Shops:
D:5 ?   D:8 *[?

Annotations:
D:8 1 transporter


Innate Abilities, Weirdness & Mutations

You are a tree.
Your roots penetrate the ground, keeping you stationary.
You cannot be teleported.
You are immune to unholy pain and torment.
Your maximum health is greatly increased.
Your equipment is partially melded.
((You have a pair of horns on your head.))
((You reflexively headbutt those who attack you in melee.))


Message History

You block the seven-headed hydra's attack.
The seven-headed hydra bites you but does no damage. x3
You block the seven-headed hydra's attack.
The seven-headed hydra bites you but does no damage.
You block the elephant's attack.
The elephant trunk-slaps you but does no damage.
The elephant tramples you but does no damage.
The elephant trunk-slaps you but does no damage.
The elephant tramples the plant!
The elephant trunk-slaps the plant.
A cane toad comes into view.
The rime drake bites the plant.
The komodo dragon bites you!
* * * LOW HITPOINT WARNING * * *
You block the seven-headed hydra's attack.
The seven-headed hydra bites you.
* * * LOW HITPOINT WARNING * * *
The seven-headed hydra bites you but does no damage. x4
The seven-headed hydra bites you!
* * * LOW HITPOINT WARNING * * *
Okay, then.
As you read the scroll labelled KOLAVU BEYBO, it crumbles to dust.
You feel a strange sense of stasis.
It was a scroll of teleportation.
You block the black mamba's attack. x2; The elephant tramples you.
* * * LOW HITPOINT WARNING * * *
The elephant trunk-slaps you but does no damage.
The elephant tramples the plant!
The elephant trunk-slaps the plant.
The seven-headed hydra bites you but does no damage.
The seven-headed hydra bites you.
* * * LOW HITPOINT WARNING * * *
The seven-headed hydra bites you but does no damage.
The seven-headed hydra bites you!
* * * LOW HITPOINT WARNING * * *
The seven-headed hydra bites you but does no damage.
The seven-headed hydra bites you!
* * * LOW HITPOINT WARNING * * *
The seven-headed hydra bites you but does no damage.
A water moccasin comes into view.
The komodo dragon bites you.
* * * LOW HITPOINT WARNING * * *
The seven-headed hydra bites you.
You die...

#.. .P #####..
...#
SF.#P..#.#.# #
.......#.##P#
.....=.#.P..
#.PYk......
#.DlDF.....
#.S♣Y#..PP#
#..YY....#
#..<†..##.#
#.....##
#......####
##..[..l..#
##.....#.##
###....#.######
##..P..##.#.####


You could see 2 seven-headed hydras, 4 elephants, a komodo dragon, a black
mamba, 2 cane toads, a basilisk, a rime drake and a water moccasin.

Vanquished Creatures
  The ghost of vvl the Fighter, a journeyman DsFi of Kikubaaqudgha (Lair:4)
  A catoblepas (Lair:2)
  4 hydras
  A two-headed ogre (D:10)
  11 death yaks
  The ghost of destino the Trooper, a novice DjFE (D:8)
  A manticore (Lair:2)
  8 elephants
  Joseph (D:7)
  A torpor snail (Lair:1)
  14 cane toads
  2 kobold demonologists (D:10)
  2 rime drakes (Lair:2)
  9 komodo dragons
  4 polar bears
  3 trolls
  A queen bee (D:9)
  A wind drake (Lair:2)
  10 blink frogs
  A wraith (D:9)
  An unseen horror simulacrum (D:9)
  4 wyverns
  A shadow (D:9)
  29 yaks
  2 death yak simulacra (Lair:4)
  11 water moccasins
  An orc warrior (D:8)
  4 ice beasts
  10 black bears
  A sky beast (D:8)
  23 wolves
  An ogre (D:6)
  A phantom (D:4)
  A kobold brigand (D:7)
  12 bullfrogs
  A gnoll sergeant (D:8)
  4 water moccasin zombies (Ossuary)
  7 scorpions
  16 wights
  A blink frog simulacrum (Lair:4)
  33 killer bees
  A rime drake simulacrum (Lair:4)
  6 electric eels
  6 orc priests
  A komodo dragon simulacrum (Lair:4)
  3 quasits (D:8)
  2 hounds
  3 jellies
  Terence (D:3)
  9 iguanas
  8 orc wizards
  A centaur simulacrum (D:9)
  3 mummies
  7 gnolls
  6 adders
  A shadow imp (D:5)
  7 white imps
  2 adder zombies (Ossuary)
  3 worms
  2 dart slugs
  55 orcs
  11 endoplasms
  4 giant cockroaches
  8 gnoll zombies (Ossuary)
  8 hobgoblins
  4 jackals (D:3)
  17 kobolds
  4 quokkas
  7 ball pythons
  8 bats
  3 frilled lizards
  10 goblins
  4 hobgoblin zombies
  3 kobold zombies (Ossuary)
  7 orc zombies
  5 rats
471 creatures vanquished.

Vanquished Creatures (collateral kills)
  2 rime drakes (Lair:4)
  An unseen horror simulacrum (D:9)
  An ice beast (D:9)
  A kobold brigand (D:9)
  A cane toad simulacrum (Lair:4)
  A white imp (D:9)
  4 kobolds (D:9)
11 creatures vanquished.

Vanquished Creatures (others)
  13 fungi
  16 plants
  8 withered plants (Lair:5)
37 creatures vanquished.

Grand Total: 519 creatures vanquished

Notes
Turn   | Place    | Note
-------+----------+-------------------------------------------
     0 | D:1      | Erymatos the Minotaur Berserker began the quest for the
                  | Orb.
     0 | D:1      | Reached XP level 1. HP: 19/19 MP: 0/0
   429 | D:1      | Reached XP level 2. HP: 25/27 MP: 1/1
   518 | D:1      | Noticed an eye of devastation
   520 | D:1      | Found a faded altar of an unknown god.
   525 | D:1      | Noticed a golden eye
   529 | D:1      | Noticed a shining eye
   529 | D:1      | Noticed an eye of devastation
   603 | D:1      | Reached skill level 4 in Axes
  1023 | D:2      | Reached XP level 3. HP: 30/33 MP: 2/2
  1129 | D:2      | Reached ** piety under Trog
  1337 | D:2      | Reached XP level 4. HP: 41/41 MP: 3/3
  1722 | D:3      | Noticed Terence
  1728 | D:3      | Reached skill level 5 in Axes
  1741 | D:3      | Killed Terence
  1879 | D:3      | Found a bloodstained altar of Trog.
  1959 | D:3      | Reached XP level 5. HP: 16/47 MP: 4/4
  2078 | D:3      | Found a hazy altar of Hepliaklqana.
  2586 | D:4      | Reached *** piety under Trog
  2596 | D:4      | Reached skill level 5 in Fighting
  2829 | D:4      | Noticed an ice beast
  2837 | D:4      | Killed an ice beast
  2838 | D:4      | Reached skill level 6 in Axes
  2838 | D:4      | Reached XP level 6. HP: 56/56 MP: 5/5
  3152 | D:5      | Entered Level 5 of the Dungeon
  3345 | D:5      | Reached skill level 5 in Armour
  3345 | D:5      | Reached XP level 7. HP: 61/61 MP: 6/6
  3375 | D:5      | You fall into a shaft and drop 1 floor!
  3418 | D:6      | Identified the +7 quarterstaff "Gaots" {holy, Str+5}
  3476 | D:6      | Reached skill level 7 in Axes
  3631 | D:6      | Found a sand-covered staircase.
  3637 | Ossuary  | Entered an ossuary
  3664 | Ossuary  | Reached skill level 8 in Axes
  3715 | Ossuary  | Reached **** piety under Trog
  3734 | Ossuary  | Reached XP level 8. HP: 70/70 MP: 7/7
  4029 | D:6      | Reached skill level 9 in Axes
  4029 | D:6      | Reached skill level 1 in Shields
  4667 | D:5      | Found Mibbofy's Magic Scroll Boutique.
  4871 | D:5      | Reached skill level 10 in Axes
  4962 | D:7      | Found a staircase to the Ecumenical Temple.
  4988 | D:7      | Noticed Joseph
  4996 | D:7      | Killed Joseph
  4997 | D:7      | Reached XP level 9. HP: 74/78 MP: 8/8
  5115 | D:7      | Reached skill level 11 in Axes
  5180 | D:7      | Reached skill level 5 in Dodging
  5254 | D:7      | Identified the +10 dagger "Jellyslayer" {vorpal, rPois}
  5918 | D:8      | Noticed a troll
  5927 | D:7      | Reached skill level 12 in Axes
  5969 | D:8      | Killed a troll
  5972 | D:8      | Reached XP level 10. HP: 81/88 MP: 9/9
  5972 | D:8      | Reached ***** piety under Trog
  6010 | D:8      | Found an opulent altar of Gozag.
  6177 | D:8      | Found Igeog's Armour Shoppe.
  6208 | D:8      | Found a transporter.
  6209 | D:8      | Noticed destino's ghost (novice DjFE)
  6212 | D:8      | Found Botefel's Assorted Antiques.
  6250 | D:8      | Found a transporter.
  6261 | D:8      | Identified the +0 leather armour of the Doldrums {Will-
                  | Int+10 Dex+2}
  6322 | D:8      | Found Burghem's Magic Scroll Boutique.
  6538 | D:8      | Found a transporter.
  6770 | D:8      | Killed destino's ghost
  6771 | D:8      | Reached skill level 13 in Axes
  6929 | D:9      | Reached skill level 5 in Shields
  7235 | D:8      | Bought a +4 chain mail of willpower for 472 gold pieces
  7277 | D:9      | Found a hide-covered altar of Uskayaw.
  7640 | D:9      | Reached XP level 11. HP: 92/97 MP: 10/10
  7641 | D:9      | Reached skill level 14 in Axes
  7903 | D:10     | Entered Level 10 of the Dungeon
  8004 | D:10     | Reached skill level 10 in Fighting
  8215 | D:10     | Found a staircase to the Lair.
  8341 | D:10     | Noticed a two-headed ogre
  8349 | D:10     | Killed a two-headed ogre
  8508 | D:10     | Reached skill level 15 in Axes
  8738 | Lair:1   | Entered Level 1 of the Lair of Beasts
  8854 | Lair:1   | Noticed a seven-headed hydra
  8862 | Lair:1   | Killed a seven-headed hydra
  8875 | Lair:1   | Reached XP level 12. HP: 57/110 MP: 11/11
  8930 | Lair:1   | Reached skill level 1 in Short Blades
  9013 | Lair:1   | Reached skill level 10 in Armour
  9070 | Lair:1   | Noticed a five-headed hydra
  9078 | Lair:1   | Killed a five-headed hydra
  9255 | Lair:1   | Received a gift from Trog
  9264 | Lair:1   | Identified the +4 mace "Adgheappi" {flame, rPois Will+}
  9858 | Lair:2   | Found a hole to the Spider Nest.
 10057 | Lair:2   | Found a staircase to the Shoals.
 10073 | Lair:2   | Reached skill level 16 in Axes
 10436 | Lair:2   | Noticed a catoblepas
 10451 | Lair:2   | Killed a catoblepas
 11087 | Lair:3   | You fall into a shaft and drop 1 floor!
 11096 | Lair:4   | Reached skill level 10 in Shields
 11161 | Lair:4   | Noticed vvl's ghost (journeyman DsFi)
 11193 | Lair:4   | Reached XP level 13. HP: 119/119 MP: 12/12
 11315 | Lair:4   | Reached skill level 17 in Axes
 11318 | Lair:4   | Identified the ring "Biok" {rC+ Will++ Str+4 Dex+4 SInv}
 11368 | Lair:4   | Found a runed translucent gate.
 11368 | Lair:4   | Found a runed translucent gate.
 11368 | Lair:4   | Found a runed translucent gate.
 11472 | Lair:4   | Received a gift from Trog
 11494 | Lair:4   | Found a staircase to the Slime Pits.
 11495 | Lair:4   | Found a viscous altar of Jiyva.
 11750 | Lair:4   | Killed vvl's ghost
 11848 | Lair:4   | Got the ring of Skepticism {Fire Dex+8}
 11885 | Lair:5   | Entered Level 5 of the Lair of Beasts
 12121 | Lair:5   | HP: 5/186 [seven-headed hydra (11)]
 12121 | Lair:5   | Slain by a seven-headed hydra

Illustrated notes

Levels and vault maps discovered:
D:1:      beargit_arrival_greenhouse, layout_rooms,
          hellmonk_ecumenical_altar_watching_god, nicolae_eternal_life,
          nrook_loot_triangle, grunt_decor_mini_mirrors
D:2:      layout_basic
D:3:      layout_loops_ring, nicolae_hepliaklqana_hippocampus,
          mainiacjoe_overflow_tiny_flanked, minmay_misc_feat_encased,
          minmay_misc_feat_enclosed, kennysheep_generic_room_13, uniq_terence
D:4:      layout_basic
D:5:      layout_gridville, serial_shops, shop_scrolls
D:6:      layout_loops_cross, nicolae_ossuary_entry_giza
D:7:      layout_loops_cross, temple_pool_b, uniq_joseph
D:8:      layout_loops_ring, grunt_gozag_statues, gammafunk_ghost_stat_death,
          serial_shops, nicolae_shop_crystal, shop, nicolae_shop_stone,
          nicolae_diode_basic
D:9:      layout_roguey, eat_drink_and_be_merry_uskayaw, special_room
          [special_room_bee], serial_ice, serial_ice_e, serial_ice_j,
          serial_ice_b, serial_ice_g, dreamdust_mushroom_princess
D:10:     layout_cross, erik_lair_island,
          nicolae_concentric_dashed_squares_wild, fungi_pond_lemuel
Lair:1:   beast_lair_carwin_large_1, layout_chaotic_city,
          infiniplex_staircase_pool
Lair:2:   layout_layer_cave, minmay_shoals_entry_beasts,
          nicolae_spider_entry_non_spiders, chequers_serial_rivers_micro_d
Lair:3:   beast_lair_carwin_large_4, layout_cellular_growth, serial_bayou_pond_e
Lair:4:   layout_hall_layers, nicolae_slime_entry_slimehenge,
          gammafunk_ghost_icy, lookout_lair_type, lemuel_fruit_fields
Lair:5:   due_jungle_book, layout_concentric_octagons

Skill      XL: |  1  2  3  4  5  6  7  8  9 10 11 12 13 |
---------------+----------------------------------------+-----
Fighting       | 4 5 6 8 9 11 12 14 | 14.1
Axes           | 4 5 6 8 10 12 13 15 16 17 | 17.7
Armour         | 3 4 5 6 7 8 9 11 12 | 12.2
Dodging        | 3 4 5 6 7 |  7.9
Shields        | 2 4 5 8 10 11 | 11.5
Short Blades   | 2 |  2.1

Action                   |  1- 3 |  4- 6 |  7- 9 | 10-12 | 13-15 || total
-------------------------+-------+-------+-------+-------+-------++-------
Melee: Hand axe          |    73 |   140 |    16 |       |       ||   229
       Headbutt          |     8 |    22 |    42 |   113 |    40 ||   225
       Punch             |     1 |       |       |       |       ||     1
       War axe           |       |       |   225 |   534 |   139 ||   898
       Dagger            |       |       |       |    36 |     4 ||    40
Invok: Berserk           |       |     5 |     6 |    12 |     4 ||    27
       Trog's Hand       |       |       |     1 |     5 |     2 ||     8
       Brothers in Arms  |       |       |       |     2 |     2 ||     4
  Use: Scroll            |       |       |     6 |       |     1 ||     7
       Potion            |       |       |       |       |     2 ||     2
Armor: Animal skin       |     6 |       |       |       |       ||     6
       Ring mail         |    26 |    41 |    93 |    29 |       ||   189
       Chain mail        |       |       |       |   288 |    66 ||   354
       Skin              |       |       |       |       |    16 ||    16
Dodge: Dodged            |    38 |    69 |    84 |   281 |    76 ||   548
Block: Kite shield       |       |     1 |    69 |   354 |   106 ||   530
